 Dungeon Crawl Stone Soup version 0.17.1-1-g73c8601 (webtiles) character file.

1225 zhaorenw the Magician (level 8, -1/41 HPs)
             Began as a Deep Elf Fire Elementalist on Jan 5, 2016.
             Slain by Edmund
             ... wielding a +0 flail of protection
              (18 damage)
             ... on level 6 of the Dungeon.
             The game lasted 00:16:13 (7189 turns).

zhaorenw the Magician (Deep Elf Fire Elementalist)  Turns: 7189, Time: 00:16:13

Health: -1/41      AC:  4    Str:  5    XL:     8   Next: 23%
Magic:  14/20      EV: 13    Int: 23    God:
Gold:   236        SH:  0    Dex: 15    Spells: 6 memorised, 3 levels left

rFire  . . .     SeeInvis .     v - +2 short sword (flame)
rCold  . . .     Clarity  .     a - +0 robe
rNeg   . . .     SustAt   .     (no shield)
rPois  .         Gourm    +     (no helmet)
rElec  .         Spirit   .     (no cloak)
rCorr  .         Warding  .     (no gloves)
rMut   .         Stasis   .     (no boots)
MR     +....                    y - amulet of the gourmand {Gourm, !d}
Stlth  ++........               g - +2 ring of protection
                                C - ring of protection from magic {MR+, !d}

@: very slightly contaminated, hasted, very quick, somewhat resistant to hostile
enchantments, unstealthy
A: no striking features
a: no special abilities


You were on level 6 of the Dungeon.
You were full.

You visited 1 branch of the dungeon, and saw 6 of its levels.
You also visited: Sewer.

You collected 236 gold pieces.

Inventory:

Hand Weapons
 i - a +2 hunting sling of freezing
   (You found it on level 4 of the Dungeon)
 v - a +2 short sword of flaming (weapon)
   (You took it off an orc on level 3 of the Dungeon)
Missiles
 d - 168 stones (quivered)
 h - 13 bolts of frost
Armour
 a - a +0 robe (worn)
 q - the +4 ring mail of Elyvilon's Envy {rElec rC+ Stlth+}
   (You found it on level 4 of the Dungeon)

   It protects you from cold.
   It insulates you from electricity.
   It makes you more stealthy.
 z - a cursed +0 leather armour
   (You found it on level 5 of the Dungeon)
Jewellery
 g - a +2 ring of protection (right hand)
   (You found it on level 4 of the Dungeon)
 s - an uncursed ring of protection from fire {rF+, !d}
   (You found it on level 2 of the Dungeon)
 y - an amulet of the gourmand (around neck) {Gourm, !d}
   (You took it off an orc on level 4 of the Dungeon)
 A - an uncursed ring of protection from cold {rC+, !d}
   (You found it on level 4 of the Dungeon)
 C - a ring of protection from magic (left hand) {MR+, !d}
   (You found it on level 5 of the Dungeon)
Scrolls
 f - a scroll of fear {unknown}
 j - 2 scrolls of enchant armour {unknown}
 l - a scroll of recharging {unknown}
 n - 3 scrolls of immolation {!r}
 o - 3 scrolls of remove curse
 p - 2 scrolls of teleportation
 B - a scroll of torment {unknown}
Potions
 e - 2 potions of heal wounds
 k - a potion of might
 m - 4 potions of haste
 r - 2 potions of magic {unknown}
 t - 2 potions of invisibility
 u - 2 potions of lignification {unknown}
 w - a potion of brilliance {unknown}
 x - 2 potions of poison {unknown}
Books
 b - a book of Flames
Comestibles
 c - 2 bread rations {@e1}


   Skills:
 - Level 2.4 Dodging
 - Level 2.4 Stealth
 + Level 7.2 Spellcasting
 + Level 6.8 Conjurations
 + Level 7.1 Fire Magic


You had 3 spell levels left.
You knew the following spells:

 Your Spells              Type           Power        Failure   Level  Hunger
a - Flame Tongue          Conj/Fire      #####        1%          1    None
b - Inner Flame           Hex/Fire       ###.....     8%          3    None
c - Conjure Flame         Conj/Fire      #####...     1%          3    None
f - Fireball              Conj/Fire      #####.....   14%         5    #####..
s - Sticky Flame          Conj/Fire      #####...     6%          4    ###....
x - Throw Flame           Conj/Fire      #####.       1%          2    None


Dungeon Overview and Level Annotations

Branches:
Dungeon (6/15)
 Temple: D:4-7

Altars:
Cheibriados
Elyvilon
Gozag
Nemelex Xobeh
Qazlal
Sif Muna
Yredelemnul

Annotations:
D:6 Edmund


Message History

You now have 19/20 mp.
Aim: an adder (almost dead)
The flame tongue hits the adder.
You kill the adder!
Your Fire Magic skill increases to level 7!
You now have 18/20 mp.
You see here an adder corpse.
You butcher the adder corpse.
D - a chunk of flesh {@w0} Unknown command.
Eating a chunk of flesh {@w0}.
This raw flesh tastes great.
You continue eating. x2
Done exploring.
MP restored: 20 Done exploring.
Done exploring.
Done exploring.
Done exploring.
Done exploring.
(D) Dungeon
Where to? (Enter - D:5, ? - help)
You open the door.
There is an open door here.
A giant frog comes into view.
There is a stone staircase leading down here.
Put on which piece of jewellery? (? for menu, Esc to quit)
You're wearing all the rings you can.
Remove which one? (? for menu, Esc to cancel) < or
s - a ring of protection from fire {rF+, !d} > or
g - a +2 ring of protection You remove your ring of protection from fire {rF+, !d}.
Oops, that ring feels deathly cold.
C - a cursed ring of protection from magic (left hand)
Aim: a giant frog (hasn't noticed you)
The fireball explodes!
The fireball engulfs the giant frog.
The giant frog gives a loud, deep croak!
You now have 15/20 mp.
Aim: a giant frog (severely wounded)
The flame tongue misses the giant frog.
You now have 14/20 mp.
Aim: a giant frog (severely wounded)
The flame tongue hits the giant frog.
The giant frog misses you.
You now have 13/20 mp.
Aim: a giant frog (severely wounded)
The flame tongue hits the giant frog.
You kill the giant frog!
You now have 12/20 mp.
You start resting.
MP restored: 20
There is a stone staircase leading down here.
You climb downwards.
There is a stone staircase leading up here.
Read which item? (? for menu, Esc to quit)
As you read the scroll labeled CETENNY HACLACK, it crumbles to dust.
You feel as if something is helping you.
It was a scroll of remove curse.
Read which item? (? for menu, Esc to quit)
As you read the scroll labeled VEUTACS NUINN, it crumbles to dust.
You feel strangely unstable.
It was a scroll of teleportation.
You start waiting.
Your surroundings suddenly seem different.
Edmund the Younger comes into view.
He is wielding a flail of protection.
The helpless Edmund fails to defend himself.
You hit Edmund but do no damage. Edmund closely misses you.
Unknown command.
Aim: Edmund, wielding a flail of protection and wearing a chain mail The sticky flame hits Edmund.
Edmund appears unharmed.
Edmund is covered in liquid flames!
Edmund burns!
You now have 16/20 mp.
Edmund burns!
Edmund drinks a potion.
Edmund goes berserk!
Edmund burns!
Edmund rages.
Read which item? (? for menu, Esc to quit)
Okay, then.
Drink which item? (? for menu, Esc to quit)
You feel yourself speed up.
Edmund burns!
Edmund stops burning.
Edmund hits you with a flail of protection!
You are very lightly contaminated with residual magic.
You take 7 damage, and have 34/41 hp.
Unknown command.
Aim: Edmund, wielding a flail of protection and wearing a chain mail (moderately wounded, berserk, fast, unusually strong)
The sticky flame hits Edmund.
Edmund is covered in liquid flames!
Edmund burns!
Edmund hits you with a flail of protection!
You take 12 damage, and have 22/41 hp.
MASSIVE DAMAGE!!
You now have 13/20 mp.
Edmund burns!
Edmund hits you with a flail of protection.
You take 6 damage, and have 16/41 hp.
Edmund burns!
Unknown command.
Edmund burns!
Edmund closely misses you.
Edmund burns!
Edmund stops burning.
Edmund rages.
You see here a green potion.
Edmund hits you with a flail of protection!!
You die...

#..........#
#..........#
#..........#
#....$.....#
#..........#
#...!......#
#..........#
##@#########
#.@.......
##########


You could see Edmund (berserk).

Vanquished Creatures
  Eustachio (D:5)
  A hippogriff (D:5)
  An ice beast (D:5)
  A phantom (D:4)
  A giant frog (D:5)
  2 scorpions
  2 crimson imps (D:5)
  A jelly (D:5)
  5 orc priests
  2 orc wizards (D:4)
  3 worker ants
  Terence (D:2)
  A worker ant zombie (D:5)
  4 river rats
  6 adders
  3 worms
  8 giant geckos
  12 orcs
  2 ball pythons
  5 bats
  A giant cockroach (D:2)
  4 goblins
  4 hobgoblins
  8 jackals
  4 quokkas
  13 giant newts
  A jackal skeleton (D:4)
  A jackal zombie (D:5)
  8 kobolds
  11 rats
117 creatures vanquished.

Notes
Turn   | Place    | Note
--------------------------------------------------------------
     0 | D:1      | zhaorenw the Deep Elf Fire Elementalist began the quest for the Orb.
     0 | D:1      | Reached XP level 1. HP: 10/10 MP: 6/6
   229 | D:1      | Reached XP level 2. HP: 15/15 MP: 4/8
   425 | D:1      | Learned a level 2 spell: Throw Flame
  1166 | D:2      | Reached skill level 2 in Conjurations
  1498 | D:2      | Reached XP level 3. HP: 19/19 MP: 5/9
  1618 | D:2      | Reached skill level 4 in Fire Magic
  1866 | D:2      | Noticed Terence
  1912 | D:2      | Learned a level 3 spell: Conjure Flame
  2103 | D:2      | Killed Terence
  2483 | D:3      | Reached XP level 4. HP: 24/24 MP: 9/11
  2488 | D:3      | Learned a level 3 spell: Inner Flame
  2575 | D:3      | Found a sparkling altar of Nemelex Xobeh.
  2591 | D:3      | Reached skill level 4 in Spellcasting
  2596 | D:3      | Reached skill level 3 in Conjurations
  2880 | D:3      | Found a glowing drain.
  2884 | Sewer    | Entered a sewer
  2909 | Sewer    | Reached XP level 5. HP: 28/28 MP: 11/13
  3201 | Sewer    | Noticed Valentine's ghost (amateur DDFi)
  3567 | D:3      | Learned a level 4 spell: Sticky Flame
  3757 | D:3      | Found a basalt altar of Yredelemnul.
  3763 | D:3      | Found a sparkling altar of Nemelex Xobeh.
  3763 | D:3      | Found a deep blue altar of Sif Muna.
  3763 | D:3      | Found a stormy altar of Qazlal.
  3763 | D:3      | Found a white marble altar of Elyvilon.
  3837 | D:3      | Found a snail-covered altar of Cheibriados.
  3915 | D:3      | Reached skill level 4 in Conjurations
  4107 | D:4      | Got an ichor-stained ring mail
  4121 | D:4      | Identified the +4 ring mail of Elyvilon's Envy {rElec rC+ Stlth+} (You found it on level 4 of the Dungeon)
  4173 | D:4      | Reached skill level 5 in Fire Magic
  4175 | D:4      | Reached XP level 6. HP: 17/32 MP: 0/15
  4412 | D:4      | Found an opulent altar of Gozag.
  4834 | D:4      | Reached skill level 5 in Spellcasting
  5036 | D:4      | Noticed a phantom
  5040 | D:4      | Reached skill level 5 in Conjurations
  5047 | D:4      | Killed a phantom
  5211 | D:4      | Reached XP level 7. HP: 36/36 MP: 9/17
  5825 | D:5      | Entered Level 5 of the Dungeon
  5912 | D:5      | Reached skill level 6 in Fire Magic
  6069 | D:5      | Reached skill level 6 in Spellcasting
  6166 | D:5      | Reached skill level 6 in Conjurations
  6317 | D:5      | Noticed Eustachio
  6333 | D:5      | Killed Eustachio
  6596 | D:5      | Reached XP level 8. HP: 13/41 MP: 6/20
  6821 | D:5      | Learned a level 5 spell: Fireball
  6963 | D:5      | Reached skill level 7 in Spellcasting
  7043 | D:5      | Reached skill level 7 in Fire Magic
  7170 | D:6      | Noticed Edmund
  7189 | D:6      | Slain by Edmund

Action                   |  1- 3 |  4- 6 |  7- 9 || total
-------------------------+-------+-------+-------++-------
Melee: Dagger            |    16 |     4 |       ||    20
       Short sword       |       |    13 |    13 ||    26
 Fire: Hunting sling     |       |       |    29 ||    29
Throw: Stone             |     1 |       |       ||     1
       Tomahawk          |     5 |       |       ||     5
 Cast: Flame Tongue      |    64 |   101 |    22 ||   187
       Throw Flame       |     9 |     6 |     3 ||    18
       Conjure Flame     |     1 |     2 |     6 ||     9
       Sticky Flame      |       |     7 |     7 ||    14
       Fireball          |       |       |     1 ||     1
  Use: Scroll            |       |     4 |     3 ||     7
       Potion            |       |     2 |     1 ||     3
 Stab: Sleeping          |       |       |     3 ||     3
  Eat: Chunk             |     5 |    10 |     8 ||    23
       Meat ration       |       |       |     1 ||     1

Vault maps used:
D:1:      dpeg_arrival_pond
D:2:      uniq_terence
D:3:      lemuel_doored_altar, minitemple, first_bread, gup_sewer_entry_spiral,
          nemelex_lonely_heart_becter
D:4:      kennysheep_mini_moat
D:5:      uniq_eustachio
D:6:      minmay_temple_entry_purple_smoke, nrook_mini_vaults, uniq_edmund
Sewer:    sewer_co_cracked_pipes

Table legend:
 A = Turns spent in this place as a percentage of turns spent in the entire game.
 B = Non-inter-level travel turns spent in this place as a percentage of non-inter-level travel turns spent in the entire game.
 C = Inter-level travel turns spent in this place as a percentage of turns spent in this place.
 D = Turns resting spent in this place as a percentage of non-inter-level travel turns spent in this place.
 E = Turns spent auto-exploring this place as a percentage of non-inter-level travel turns spent in this place.
 F = Non-inter-level travel turns spent in this place divided by the number of levels of this place that you've seen.
                   A       B       C       D       E      F
               +-------+-------+-------+-------+-------+----------------------
         Total | 100.0 | 100.0 |   0.3 |   5.7 |   4.7 | 297.0
       Dungeon |  87.2 |  87.2 |   0.4 |   5.9 |   5.4 | 302.0
         Sewer |  12.8 |  12.8 |   0.0 |   4.5 |   0.0 | 267.0
               +-------+-------+-------+-------+-------+----------------------

Table legend:
 A = Kills in this place as a percentage of kills in entire the game.
 B = Kills by you in this place as a percentage of kills by you in the entire game.
 C = Kills by friends in this place as a percentage of kills by friends in the entire game.
 D = Other kills in this place as a percentage of other kills in the entire game.
 E = Experience gained in this place as a percentage of experience gained in the entire game.
 F = Experience gained in this place divided by the number of levels of this place that you have seen.
                   A       B       C       D       E      F
               +-------+-------+-------+-------+-------+----------------------
         Total | 100.0 | 100.0 |  -nan |  -nan | 100.0 | 250.0
       Dungeon |  85.5 |  85.5 |  -nan |  -nan |  96.3 | 281.0
         Sewer |  14.5 |  14.5 |  -nan |  -nan |   3.7 |  64.0
               +-------+-------+-------+-------+-------+----------------------
